 Dungeon Crawl Stone Soup version 0.32-a0-616-g9348d4545b (webtiles) character file.

Game seed: 3368383031604642140

3148 ytrimaz the Prestidigitator (level 9, 0/72 HPs)
             Began as a Coglin Artificer on Mar 5, 2024.
             Slain by Erica
             ... wielding a +4 scimitar of flaming
              (1 damage)
             ... on level 8 of the Dungeon on Mar 6, 2024.
             The game lasted 00:07:58 (7662 turns).

ytrimaz the Prestidigitator (Coglin Artificer)      Turns: 7662, Time: 00:07:59

Health: 0/72       AC: 15    Str: 17    XL:     9   Next: 93%
Magic:  9/9        EV: -1    Int: 11    God:
Gold:   310        SH:  0    Dex: 14    Spells: 8/8 levels left

rFire   + . .        p - +0 hand axe (flame) {Ilse}
rCold   + . .        m - +0 hand axe (elec) {Suthep}
rNeg    . . .        w - +4 chain mail
rPois   +            (no helmet)
rElec   +            n - +0 cloak
rCorr   +            (no gloves)
SInv    .            (no boots)
Will    +....        (amulet unavailable) Stlth
                     (ring unavailable)
HPRegen 0.32/turn    (ring unavailable)
MPRegen 0.11/turn    (no gizmo)

%: no passive effects
@: resistant, enlightened, flying, constricted, revved
A: off-hand wielding, slow wielding, warmup strikes, no jewellery
a: Invent Gizmo


You were on level 8 of the Dungeon.
You visited 2 branches of the dungeon, and saw 9 of its levels.

You collected 310 gold pieces.


Innate Abilities, Weirdness & Mutations

You can wield a second weapon in your off-hand.
It takes a long time for you to wield or remove held weapons.
Your first few attacks do less damage.
You cannot equip rings or amulets.


   Skills:
 + Level 7.3 Fighting
 + Level 6.3 Axes
 + Level 6.8 Armour
 - Level 0.8 Dodging
 - Level 0.7 Stealth
 - Level 9.0 Evocations


You had 8 spell levels left.
You didn't know any spells.
Your spell library contained the following spells:

 Spells                   Type           Power      Damage    Failure   Level
 Necrotise                Necr           0%         1d4       97%         1
 Sting                    Conj/Alch      0%         1d3       97%         1
 Cigotuvi's Dreadful Rot  Necr/Alch/Air  0%         N/A       99%         2
 Mercury Vapours          Alch/Air       0%         N/A       99%         2
 Hailstorm                Conj/Ice       0%         3d5       100%        3
 Summon Ice Beast         Ice/Summ       0%         N/A       100%        3
 Vampiric Draining        Necr           0%         2d6       100%        3
 Animate Dead             Necr           0%         N/A       100%        4
 Cause Fear               Hex            0%         N/A       100%        4
 Dispel Undead            Necr           0%         3d6       100%        4
 Martyr's Knell           Necr/Summ      0%         N/A       100%        4
 Olgreb's Toxic Radiance  Alch           0%         N/A       100%        4
 Alistair's Intoxication  Alch           0%         N/A       100%        5
 Borgnjor's Vile Clutch   Necr/Erth      0%         N/A       100%        5
 Curse of Agony           Necr           0%         N/A       100%        5
 Fireball                 Conj/Fire      0%         3d3       100%        5
 Death Channel            Necr           0%         N/A       100%        6
 Eringya's Noxious Bog    Alch           0%         4d6       100%        6
 Sculpt Simulacrum        Ice/Alch       0%         N/A       100%        6
 Haunt                    Necr/Summ      0%         N/A       100%        7
 Malign Gateway           Summ/Tloc      0%         N/A       100%        7
 Infestation              Necr           0%         N/A       100%        8
 Summon Horrible Things   Summ           0%         N/A       100%        8
 Dragon's Call            Summ           0%         N/A       100%        9

Inventory:

Hand Weapons
 e - a +0 war axe
   (You took it off an orc priest on level 7 of the Dungeon)
 m - a +0 hand axe of electrocution (offhand) {Suthep}
   (You took it off an orc on level 4 of the Dungeon)
 p - a +0 hand axe of flaming (weapon) {Ilse}
   (You took it off an orc on level 5 of the Dungeon)
 y - a +2 flail of draining {Chikashi}
   (You took it off an orc on level 6 of the Dungeon)
Missiles
 u - 2 throwing nets
Armour
 h - a +0 chain mail
   (You found it on level 1 of the Dungeon)
 j - a +1 plate armour
   (You found it on level 1 of the Dungeon)
 n - a +0 cloak (worn)
   (You found it on level 2 of the Dungeon)
 w - a +4 chain mail (worn)
   (You took it off Edmund on level 5 of the Dungeon)
Wands
 c - a wand of flame (16) (quivered)
 d - a wand of charming (15)
 l - a wand of acid (5)
   (You found it on level 2 of the Dungeon)
 z - a wand of mindburst (18)
   (You found it on level 6 of the Dungeon)
Scrolls
 a - 2 scrolls of identify
 g - 5 scrolls of teleportation
 i - a scroll of fog
 k - a scroll of amnesia
Potions
 b - 4 potions of brilliance
 o - a potion of magic {unknown}
 r - a potion of resistance
 v - a potion of curing
 B - a potion of cancellation {unknown}

Dungeon Overview and Level Annotations

Branches:
Dungeon (8/15) Zot: 26524  Temple (1/1) D:6 Zot: 5943
   Lair: D:8-11

Altars:
Dithmenos
Elyvilon
Gozag
Kikubaaqudgha
Makhleb
Qazlal
Ru
Sif Muna
Trog
Xom
Yredelemnul
Zin
The Shining One

Annotations:
D:8 Erica

##...#...#............
######.............
##†#...##..#
#........#
#####....####
............## .
.......##....# ...
...<..#####†.##..#
...... #y@{..#
......#....Sy.......
....##..##.###......
.#.. # ... ...... $###
..... .. ..... # ....
....


You could see a water moccasin and 2 killer bees.


Message History

You hit the killer bee with your +0 hand axe of electrocution.
You feel sick. The killer bee barely misses you.
The killer bee stings you but does no damage. x2
The killer bee closely misses you. Something hits you. Something burns you.
Something grabs you.
You are constricted.
The bullfrog hits you but does no damage. 😮 HP[-8]
You take 8 damage, and now have 44/72 hp.
Unknown command.
You miss something with your +0 hand axe of flaming.
You miss the killer bee with your +0 hand axe of flaming.
You hit the bullfrog with your +0 hand axe of flaming.
You burn the bullfrog.
You closely miss the killer bee with your +0 hand axe of flaming.
You closely miss something with your +0 hand axe of electrocution.
You miss the killer bee with your +0 hand axe of electrocution.
You hit the bullfrog with your +0 hand axe of electrocution.
Lightning courses through the bullfrog!
You hit the killer bee but do no damage.
You feel sick.
The killer bee stings you but does no damage.
The killer bee stings you.
The bullfrog hits you but does no damage.
The killer bee stings you.
The killer bee stings you but does no damage.
You hear a zap.
Something tries to affect you, but you resist.
You are constricted. 😮 HP[-7]
You take 7 damage, and now have 37/72 hp.
You miss something with your +0 hand axe of flaming.
You hit the killer bee with your +0 hand axe of flaming.
You burn the killer bee.
You hit the killer bee with your +0 hand axe of flaming.
You burn the killer bee.
You hit the bullfrog with your +0 hand axe of flaming.
You burn the bullfrog.
You barely miss something with your +0 hand axe of electrocution.
You hit the killer bee but do no damage.
You hit the bullfrog with your +0 hand axe of electrocution.
You kill the bullfrog!
You barely miss the killer bee with your +0 hand axe of electrocution.
You feel sick. The killer bee stings you.
* * * LOW HITPOINT WARNING * * *
The killer bee stings you but does no damage. x3
Something hits you but does no damage.
You are constricted.
* * * LOW HITPOINT WARNING * * *
Unknown command. 😨 HP[-9]
You take 9 damage, and now have 28/72 hp.
You barely miss something with your +0 hand axe of electrocution.
You hit the killer bee with your +0 hand axe of electrocution.
You closely miss the killer bee with your +0 hand axe of electrocution.
You closely miss something with your +0 hand axe of flaming.
You completely miss the killer bee with your +0 hand axe of flaming.
You miss the killer bee with your +0 hand axe of flaming.
You feel sick.
The killer bee stings you but does no damage. x4
Something hits you!
* * * LOW HITPOINT WARNING * * *
Something burns you.
* * * LOW HITPOINT WARNING * * *
You are constricted.
* * * LOW HITPOINT WARNING * * *
😱 HP[-13]
You take 13 damage, and now have 15/72 hp.
Unknown command.
You closely miss something with your +0 hand axe of electrocution.
You barely miss the killer bee with your +0 hand axe of electrocution.
You hit the water moccasin but do no damage.
Lightning courses through the water moccasin!
You barely miss the killer bee with your +0 hand axe of electrocution.
You hit something with your +0 hand axe of flaming.
You burn something.
You barely miss the water moccasin with your +0 hand axe of flaming.
You miss the killer bee with your +0 hand axe of flaming.
You closely miss the killer bee with your +0 hand axe of flaming.
You feel sick.
The killer bee stings you but does no damage. x2
The water moccasin bites you.
* * * LOW HITPOINT WARNING * * *
The killer bee stings you but does no damage. x2
You hear a zap.
Something tries to affect you, but you resist.
You are constricted.
The water moccasin bites you but does no damage. 😱 HP[-5]
You take 5 damage, and now have 10/72 hp.
Unknown command.
You feel better.
The killer bee stings you but does no damage. x2
The killer bee stings you.
* * * LOW HITPOINT WARNING * * *
The killer bee stings you!
* * * LOW HITPOINT WARNING * * *
The water moccasin completely misses you.
Something hits you.
* * * LOW HITPOINT WARNING * * *
Something burns you.
You die...

Skill      XL: |  1  2  3  4  5  6  7  8  9 |
---------------+----------------------------+-----
Armour         | 2 3 4 5 6 |  6.8
Fighting       | 2 3 4 5 7 |  7.3
Evocations     | 5 6 8 9 |  9.0
Axes           | 1 2 4 6 |  6.3
Dodging        | |  0.8
Stealth        | |  0.7

Action                     |  1- 3 |  4- 6 |  7- 9 || total
---------------------------+-------+-------+-------++-------
  Melee: Club              |    80 |   110 |   124 ||   314
         Dagger            |    76 |    66 |       ||   142
         Hand axe          |       |    39 |   368 ||   407
         Flail             |       |       |    45 ||    45
  Evoke: Wand              |     8 |    13 |     5 ||    26
    Use: Potion            |     1 |     1 |     6 ||     8
         Scroll            |       |     7 |     8 ||    15
   Stab: Sleeping          |     2 |       |       ||     2
         Distracted        |       |       |     2 ||     2
 Armour: Leather armour    |    17 |       |       ||    17
         Chain mail        |    21 |       |   238 ||   259
         Plate armour      |    71 |   156 |   124 ||   351
  Dodge: Dodged            |    39 |    32 |   102 ||   173

Levels and vault maps discovered:
D:1:      nicolae_arrival_memento_mori, layout_basic
D:2:      layout_loops_corners, shapermc_ecumenical_altar_acropolis
D:3:      layout_basic, uniq_natasha
D:4:      layout_loops_ring, st_stairs_2, corexii_mini_fake_secret_closet,
          uniq_ijyb, uniq_blork_the_orc
D:5:      layout_loops_ring, nicolae_tso_carved_into_rock, uniq_edmund
D:6:      layout_cave_pools, minmay_temple_entry_gardened_gates
D:7:      layout_basic, feat_on_display
D:8:      layout_rooms, lemuel_round_altar, uniq_erica
Temple:   minmay_temple_bridge_abc

Notes
Turn   | Place    | Note
-------+----------+-------------------------------------------
     0 | D:1      | ytrimaz the Coglin Artificer began the quest for the Orb.
     0 | D:1      | Reached XP level 1. HP: 15/15 MP: 1/1
     0 | D:1      | magus.rc [v1.9.6]
   240 | D:1      | Reached skill level 2 in Armour
   245 | D:1      | Reached XP level 2. HP: 15/21 MP: 2/2
  1121 | D:2      | Found a faded altar of an unknown god.
  1225 | D:2      | Reached XP level 3. HP: 27/27 MP: 3/3
  1268 | D:2      | You add the spells Sting, Mercury Vapours and Olgreb's
                  | Toxic Radiance to your library.
  1412 | D:2      | Reached skill level 2 in Fighting
  1437 | D:2      | HP: 3/27 [orc wizard/magic dart (5)]
  1442 | D:2      | Reached skill level 5 in Evocations
  1442 | D:2      | Reached XP level 4. HP: 4/34 MP: 4/4
  1922 | D:3      | Noticed Natasha
  1928 | D:3      | Killed Natasha
  2155 | D:3      | Reached XP level 5. HP: 39/40 MP: 5/5
  2289 | D:3      | Reached skill level 3 in Armour
  2345 | D:3      | Noticed Natasha
  2356 | D:3      | Killed Natasha
  2403 | D:3      | Noticed Natasha
  2440 | D:3      | Killed Natasha
  2441 | D:3      | Reached skill level 3 in Fighting
  2628 | D:3      | You add the spells Alistair's Intoxication, Borgnjor's Vile
                  | Clutch and Eringya's Noxious Bog to your library.
  2942 | D:4      | Noticed Blork the orc
  2948 | D:4      | Killed Blork the orc
  2949 | D:4      | Reached skill level 6 in Evocations
  2949 | D:4      | Reached XP level 6. HP: 26/47 MP: 6/6
  3065 | D:4      | You add the spells Malign Gateway and Summon Horrible
                  | Things to your library.
  3269 | D:4      | HP: 11/47 [ogre/+0 giant spiked club (26)]
  3271 | D:4      | Reached skill level 1 in Axes
  3441 | D:4      | HP: 11/47 [iguana (6)]
  3463 | D:4      | HP: 12/48 [poisoned by an orc priest]
  3468 | D:4      | HP: 9/48 [poisoned by an orc priest]
  3645 | D:4      | Noticed Ijyb
  3662 | D:4      | Reached XP level 7. HP: 25/53 MP: 7/7
  3666 | D:4      | Killed Ijyb
  3667 | D:4      | Reached skill level 7 in Evocations
  3800 | D:4      | Reached skill level 2 in Axes
  3974 | D:4      | Reached skill level 4 in Fighting
  3974 | D:4      | Reached skill level 4 in Armour
  3974 | D:4      | HP: 12/54 [poisoned by a scorpion]
  3979 | D:4      | HP: 8/54 [poisoned by a scorpion]
  4226 | D:5      | Entered Level 5 of the Dungeon
  4340 | D:5      | HP: 11/54 [gnoll/+0 halberd (7)]
  4672 | D:5      | Found a glowing golden altar of the Shining One.
  4824 | D:5      | Reached skill level 8 in Evocations
  4824 | D:5      | Reached XP level 8. HP: 60/61 MP: 8/8
  4875 | D:5      | Noticed Edmund
  4885 | D:5      | Killed Edmund
  4886 | D:5      | Reached skill level 3 in Axes
  5035 | D:5      | You pick up a book of the Tundra and begin reading...
  5035 | D:5      | You add the spells Hailstorm, Summon Ice Beast and Sculpt
                  | Simulacrum to your library.
  5550 | D:6      | Reached skill level 9 in Evocations
  5554 | D:6      | Reached skill level 5 in Fighting
  5718 | D:6      | Reached skill level 5 in Armour
  5800 | D:6      | Reached skill level 4 in Axes
  5943 | D:6      | Identified the +4 short sword of Cheibriados's Approval
                  | {heavy, rC+ Dex+3}
  6029 | D:6      | You pick up a book of Necromancy and begin reading...
  6029 | D:6      | You add the spells Necrotise, Vampiric Draining, Martyr's
                  | Knell and Curse of Agony to your library.
  6042 | D:6      | Reached XP level 9. HP: 61/68 MP: 9/9
  6194 | D:6      | Found a staircase to the Ecumenical Temple.
  6203 | Temple   | Entered the Ecumenical Temple
  6264 | D:6      | You pick up a book of Death and begin reading...
  6264 | D:6      | You add the spells Animate Dead, Haunt and Infestation to
                  | your library.
  6661 | D:7      | Reached skill level 6 in Fighting
  6661 | D:7      | Reached skill level 5 in Axes
  6861 | D:7      | You pick up a book of Decay and begin reading...
  6861 | D:7      | You add the spells Cigotuvi's Dreadful Rot, Dispel Undead
                  | and Death Channel to your library.
  6960 | D:7      | Reached skill level 6 in Armour
  7200 | D:8      | HP: 16/71 [acid (4)]
  7393 | D:8      | You pick up a book of the Dragon and begin reading...
  7393 | D:8      | You add the spells Cause Fear, Fireball and Dragon's Call
                  | to your library.
  7440 | D:8      | Reached skill level 7 in Fighting
  7440 | D:8      | Reached skill level 6 in Axes
  7651 | D:8      | Noticed Erica
  7660 | D:8      | HP: 17/72 [something (2)]
  7662 | D:8      | HP: 5/72 [killer bee (7)]
  7662 | D:8      | HP: 1/72 [something (4)]
  7662 | D:8      | Slain by Erica

Vanquished Creatures
  A wyvern (D:8)
  Edmund (D:5)
  3 water moccasins
  A black bear (D:7)
  An ice beast (D:7)
  An orc warrior (D:8)
  A sky beast (D:7)
  An ogre (D:4)
  3 centaurs
  2 phantoms
  A kobold brigand (D:7)
  Blork the orc (D:4)
  4 bullfrogs
  3 scorpions
  2 killer bees (D:8)
  2 howler monkeys
  4 bombardier beetles
  4 jellies
  6 orc priests
  3 hounds
  Ijyb (D:4)
  Natasha (thrice) (D:3)
  6 iguanas
  5 orc wizards
  3 gnolls (D:5)
  An adder (D:3)
  A shadow imp (D:7)
  A white imp (D:7)
  2 dart slugs
  A ribbon worm (D:5)
  23 orcs
  4 ball pythons
  8 bats
  6 endoplasms
  2 giant cockroaches
  6 hobgoblins
  3 jackals (D:1)
  6 kobolds
  A quokka (D:4)
  4 frilled lizards
  4 goblins
  4 rats
140 creatures vanquished.

Table legend:
 A = Non-vault XP
 B = Vault XP
 C = Vault XP percentage of total XP
 D = Non-vault monster count
 E = Vault monster count
 F = Vault count percentage of total count
                 A         B        C        D         E       F
            +---------+---------+-------+---------+---------+-------
      Total |    4131 |     367 |   8.2 |     135 |       5 |   3.6
            +---------+---------+-------+---------+---------+-------
        D:1 |      21 |       0 |   0.0 |      12 |       0 |   0.0
        D:2 |      93 |       0 |   0.0 |      18 |       0 |   0.0
        D:3 |     108 |      36 |  25.0 |      17 |       1 |   5.6
        D:4 |     419 |     173 |  29.2 |      15 |       3 |  16.7
        D:5 |     611 |     158 |  20.5 |      19 |       1 |   5.0
        D:6 |     808 |       0 |   0.0 |      14 |       0 |   0.0
        D:7 |    1013 |       0 |   0.0 |      23 |       0 |   0.0
        D:8 |    1058 |       0 |   0.0 |      17 |       0 |   0.0
            +---------+---------+-------+---------+---------+-------

Skill      XL: |  1  2  3  4  5  6  7  8  9 |
---------------+----------------------------+-----
Armour         | 2 3 4 5 6 |  6.8
Fighting       | 2 3 4 5 7 |  7.3
Evocations     | 5 6 8 9 |  9.0
Axes           | 1 2 4 6 |  6.3
Dodging        | |  0.8
Stealth        | |  0.7

Action                     |  1- 3 |  4- 6 |  7- 9 || total
---------------------------+-------+-------+-------++-------
  Melee: Club              |    80 |   110 |   124 ||   314
         Dagger            |    76 |    66 |       ||   142
         Hand axe          |       |    39 |   368 ||   407
         Flail             |       |       |    45 ||    45
  Evoke: Wand              |     8 |    13 |     5 ||    26
    Use: Potion            |     1 |     1 |     6 ||     8
         Scroll            |       |     7 |     8 ||    15
   Stab: Sleeping          |     2 |       |       ||     2
         Distracted        |       |       |     2 ||     2
 Armour: Leather armour    |    17 |       |       ||    17
         Chain mail        |    21 |       |   238 ||   259
         Plate armour      |    71 |   156 |   124 ||   351
  Dodge: Dodged            |    39 |    32 |   102 ||   173

Illustrated notes

Table legend:
 A = Kills in this place as a percentage of kills in the entire game.
 B = Kills by you in this place as a percentage of kills by you in the entire game.
 C = Kills by friends in this place as a percentage of kills by friends in the entire game.
 D = Other kills in this place as a percentage of other kills in the entire game.
 E = Experience gained in this place as a percentage of experience gained in the entire game.
 F = Experience gained in this place divided by the number of levels of this place that you have seen.
                   A       B       C       D       E      F
               +-------+-------+-------+-------+-------+----------------------
         Total | 100.0 | 100.0 |   N/A |   N/A | 100.0 | 499.8
       Dungeon | 100.0 | 100.0 |   N/A |   N/A | 100.0 | 562.2
               +-------+-------+-------+-------+-------+----------------------

Table legend: (Time is in decaauts)
 A = Elapsed time spent in this place.
 B = Non-inter-level travel time spent in this place.
 C = Inter-level travel time spent in this place.
 D = Time resting spent in this place.
 E = Time spent auto-exploring this place.
 F = Levels seen in this place.
 G = Mean time per level.
                   A        B        C        D        E       F      G
               +--------+--------+--------+--------+--------+-----+--------+
         Total |   7733 |   7412 |    321 |     68 |   5962 |   9 |  859.2 |
       Dungeon |   7676 |   7403 |    273 |     68 |   5962 |   8 |  959.5 |
        Temple |     56 |      8 |     48 |      0 |      0 |   1 |   56.0 |
               +--------+--------+--------+--------+--------+-----+--------+

Top non-repeatable levels by time:
     D:4: 1375 daAuts
     D:5: 1284 daAuts
     D:3: 1061 daAuts
     D:2: 946 daAuts
     D:1: 880 daAuts
     D:7: 842 daAuts
     D:6: 811 daAuts
     D:8: 475 daAuts
  Temple: 56 daAuts
